Map: Orbital Shipyard

Players

capac

  • Race: Terran Terran
  • League: Gold

NexusNess - Winner!

  • Race: Terran Terran
  • League: Gold

VOD

Have the link to the VOD?

Description

Time

  • Played on: March 7, 2016, 2:37 p.m.
  • Length: 18:10
Show
View Real Time Build Order
Export as new Build Order

capac Terran 

Build Orders:  

Get SALT Encoding   

  12  0:00  SCV  
  13  0:13  SCV  
  14  0:18  Supply Depot  
  14  0:25  SCV  
  15  0:39  SCV  
  15  0:42  Barracks  
  16  0:45  Refinery  
  16  0:53  SCV  
  17  1:05  SCV  
  18  1:18  SCV  
  19  1:30  SCV  
  19  1:31  Barracks Reactor  
  20  1:36  Command Center  
  20  1:42  SCV  
  21  1:47  Supply Depot  
  22  2:05  Orbital Command  
  22  2:07  Marine x2  
  22  2:22  Barracks  
  22  2:27  Factory  
  22  2:29  Marine  
  23  2:30  Marine  
  24  2:48  Marine  
  25  2:52  SCV  
  25  2:53  Orbital Command  
  26  3:00  Refinery, Marine  
  27  3:09  Barracks Tech Lab  
  27  3:19  Marine x2  
  29  3:20  Factory Tech Lab  
  29  3:29  Marine  
  23  3:41  Marine x2  
  23  3:45  Siege Tank  
  23  3:47  Marine  
  25  3:59  Marine x2  
  23  4:04  Marine  
  18  4:15  SCV  
  17  4:27  SCV  
  15  4:45  SCV x2  
  17  4:53  Marine  
  17  4:54  Marine  
  17  4:56  Marine  
  20  5:08  SCV  
  20  5:09  SCV  
  20  5:11  Marine x2  
  24  5:14  Marine  
  24  5:16  Siege Tank  
  28  5:23  SCV x2  
  30  5:31  Command Center  
  30  5:34  Marine x3  
  33  5:37  SCV x2  
  35  5:49  SCV x2  
  37  6:01  SCV x2  
  39  6:13  SCV  
  39  6:14  SCV  
  39  6:16  Siege Tank  
  39  6:17  Marine  
  39  6:18  Marine  
  46  6:25  Supply Depot  
  46  6:30  Engineering Bay  
  46  6:42  Marine  
  46  6:43  SCV x2  
  46  6:46  Barracks  
  49  6:58  SCV x2  
  51  7:03  Missile Turret  
  51  7:05  Siege Tank  
  51  7:06  Orbital Command  
  54  7:14  SCV x2  
  56  7:28  Missile Turret x2  
  57  7:30  SCV x2  
  57  7:32  SCV  
  57  7:33  Marine  
  57  7:34  Marine x2  
  62  7:40  Barracks Reactor  
  62  7:42  SCV  
  62  7:43  Starport, SCV  
  64  7:44  SCV  
  65  7:53  Refinery  
  65  7:56  SCV x3  
  65  7:57  Marine  
  69  8:00  Missile Turret  
  69  8:08  Supply Depot, Marine  
  69  8:09  Marine  
  69  8:11  Supply Depot  
  71  8:17  Marine  
  71  8:18  Marine x2  
  71  8:19  Factory  
  74  8:21  Supply Depot  
  74  8:22  Starport Reactor  
  74  8:26  Marine, Missile Turret  
  75  8:28  SCV x2  
  75  8:29  SCV  
  78  8:37  Supply Depot x2  
  78  8:38  Marine x4  
  82  8:43  Refinery  
  82  8:51  Barracks  
  82  8:56  Marine  
  82  8:57  Marine x4  
  82  8:59  Barracks  
  82  9:00  Viking x2  
  82  9:02  SCV x3  
  94  9:10  Refinery  
  94  9:14  Factory Tech Lab  
  94  9:16  Siege Tank  
  97  9:22  SCV x2  
  97  9:23  SCV  
  100  9:32  Medivac x2  
  100  9:33  Marine x3  
  100  9:34  Marine  
  100  9:35  Marine  
  109  9:43  Terran Infantry Weapons Level 1  
  109  9:48  Supply Depot  
  109  9:49  SCV x2  
  51  10:37  Marine x2  
  51  10:38  Marine x3  
  51  10:40  Siege Tank x2  
  62  10:55  Marine x2  
  64  11:00  Refinery  
  52  11:41  Command Center  
  52  11:50  Marine x5  
  52  11:52  Command Center  
  57  11:56  Viking x2  
  57  11:59  Barracks Reactor  
  61  12:07  Marine  
  62  12:16  Siege Tank x2  
  68  12:38  Marine x2  
  68  12:39  Marine  
  71  12:52  Marine, Medivac  
  74  13:07  Orbital Command  
  74  13:10  SCV  
  75  13:22  SCV  
  76  13:48  Medivac x2  
  80  13:50  SCV x3  
  83  13:56  Refinery  
  83  14:23  Marine x6  
  89  14:24  Marine  
  89  14:26  Stimpack  
  89  14:28  Siege Tank x2  
  96  14:34  Orbital Command  
  96  14:36  SCV  
  97  14:45  Marine x2  
  97  14:46  Marine x2  
  101  14:54  Supply Depot  
  101  15:07  Missile Turret  
  101  15:15  Viking x2, Marine x2  
  101  15:17  Supply Depot, Marine  
  101  15:18  Marine x3  
  111  15:28  Refinery  
  111  15:31  SCV x2  
  111  15:32  SCV  
  114  15:45  Medivac x2  
  118  15:51  Missile Turret  
  118  15:53  SCV x2  
  120  16:08  Refinery  
  120  16:15  Medivac x2  
  124  16:27  Marine x2  
  124  16:28  Marine x5  
  131  16:35  Combat Shields  
  131  16:36  Supply Depot  
  131  16:40  SCV x2  
  133  16:57  SCV  
Show
View Real Time Build Order
Export as new Build Order

NexusNess Terran - Winner!

Build Orders: MMM Bio 

Get SALT Encoding   

  12  0:04  SCV  
  13  0:16  SCV  
  14  0:23  Supply Depot  
  14  0:28  SCV  
  14  0:30  Refinery  
  15  0:45  SCV  
  15  0:47  Barracks  
  16  0:57  SCV  
  17  1:04  Barracks  
  17  1:09  SCV  
  18  1:21  SCV  
  18  1:24  Barracks  
  19  1:35  Reaper, SCV  
  21  1:48  Supply Depot  
  21  1:51  Reaper  
  21  1:53  Refinery  
  22  1:55  SCV  
  23  2:11  Reaper  
  23  2:12  Reaper  
  23  2:14  Supply Depot  
  25  2:24  Orbital Command  
  25  2:28  Reaper  
  26  2:43  Reaper  
  27  2:48  Reaper  
  28  3:02  Reaper  
  29  3:06  Command Center  
  29  3:20  Reaper  
  29  3:21  Reaper  
  22  4:32  Barracks Tech Lab, Barracks Reactor  
  22  4:34  Barracks Tech Lab  
  22  4:38  SCV  
  22  4:39  Factory  
  23  4:50  Barracks x2, SCV  
  23  4:51  Barracks, Orbital Command  
  24  4:58  Engineering Bay  
  24  5:00  Stimpack  
  24  5:01  Marauder  
  24  5:03  SCV  
  27  5:09  Marauder  
  27  5:11  Combat Shields  
  29  5:15  SCV  
  29  5:19  SCV  
  31  5:25  Missile Turret  
  31  5:27  SCV  
  32  5:31  Factory Tech Lab, SCV  
  32  5:35  Missile Turret  
  33  5:36  Marine  
  33  5:38  Marine x2  
  33  5:39  Marine, SCV  
  33  5:42  Barracks Reactor  
  40  5:43  SCV  
  40  5:48  Barracks Reactor  
  39  5:50  Barracks Reactor  
  39  5:51  SCV  
  39  5:55  Supply Depot  
  40  6:00  Supply Depot  
  40  6:03  SCV  
  41  6:05  Supply Depot, SCV  
  41  6:08  Refinery  
  41  6:10  Missile Turret  
  42  6:16  Marauder, SCV  
  45  6:25  Siege Tank  
  48  6:27  Starport  
  48  6:28  SCV  
  48  6:30  Supply Depot  
  48  6:31  Terran Infantry Weapons Level 1  
  49  6:38  Refinery  
  49  6:40  SCV x2  
  49  6:44  Marine  
  49  6:45  Marine x2  
  54  6:52  SCV  
  54  6:53  Supply Depot  
  56  6:54  SCV  
  56  7:01  Widow Mine  
  56  7:04  Marine x3, SCV  
  56  7:05  Marine x2  
  56  7:06  Starport Reactor, SCV  
  65  7:12  Missile Turret  
  65  7:16  SCV  
  65  7:18  SCV  
  67  7:24  Supply Depot  
  67  7:28  SCV  
  68  7:30  SCV  
  68  7:33  Supply Depot  
  69  7:37  Marine x3  
  69  7:38  Marauder x2  
  69  7:42  SCV  
  77  7:46  Engineering Bay  
  77  7:51  Medivac x2  
  77  7:55  Siege Tank  
  84  7:59  Marauder  
  84  8:00  Marine x4  
  84  8:01  Marine x3  
  84  8:05  Concussive Shells  
  93  8:07  Marauder  
  95  8:15  SCV  
  95  8:18  Marine x4  
  95  8:19  Marine  
  101  8:23  Supply Depot  
  101  8:25  Supply Depot, Medivac  
  101  8:26  Medivac  
  105  8:29  SCV x2  
  107  8:46  Marine x2  
  107  8:47  Marauder  
  111  8:49  Marine x2  
  111  8:50  Marine x4  
  117  9:04  Marine x2  
  117  9:07  Marine  
  117  9:09  Marauder  
  122  9:17  Marine x3  
  122  9:22  Command Center  
  125  9:25  Siege Tank  
  125  9:26  Marauder  
  125  9:30  Marauder  
  132  9:32  Supply Depot  
  132  9:33  Marine x2  
  134  9:54  Marauder, Marine x3  
  137  10:16  Marauder  
  99  11:31  Marine x2  
  99  11:32  Marauder, Marine x3  
  79  11:33  Marauder, Marine x3  
  83  11:40  Planetary Fortress  
  83  11:44  SCV x2  
  85  11:49  Marine x4  
  85  11:50  Marine x2  
  85  11:51  Marine  
  85  11:52  Terran Infantry Armor Level 1  
  85  11:54  Marauder x2  
  96  11:56  SCV x2  
  96  11:57  Supply Depot  
  98  12:01  Armory  
  98  12:08  SCV x2  
  99  12:11  Refinery  
  99  12:15  Marauder  
  102  12:16  Command Center  
  102  12:19  Siege Tank  
  102  12:20  Marauder, Marine x3, SCV x2  
  102  12:21  Marine x5  
  117  12:27  Medivac x2  
  121  12:32  SCV x2  
  123  12:38  Starport, Marine x5, Refinery  
  123  12:39  Marine x2  
  123  12:41  Marauder  
  123  12:42  Armory  
  132  12:44  SCV  
  136  12:51  Siege Tank  
  136  12:52  Liberator x2, SCV  
  136  12:55  Terran Infantry Weapons Level 2  
  136  12:56  SCV  
  138  13:03  Marauder  
  146  13:19  Starport  
  146  13:20  SCV  
  146  13:21  Starport x2  
  146  13:23  Siege Tank  
  146  13:24  Fusion Core  
  150  13:30  Starport Reactor  
  150  13:31  Marine  
  150  13:32  Marine x3  
  150  13:34  Marine x6  
  154  13:35  Liberator  
  154  13:38  SCV x2  
  162  13:49  Marine  
  162  13:50  SCV x2  
  168  14:04  Starport Tech Lab x2  
  168  14:05  Starport Tech Lab  
  168  14:11  Missile Turret  
  168  14:12  Refinery x2  
  168  14:14  Weapon Refit  
  168  14:19  Orbital Command  
  168  14:31  Terran Ship Weapons Level 1  
  168  14:32  Terran Vehicle And Ship Armor Level 1  
  168  14:33  Missile Turret  
  168  14:38  Missile Turret  
  168  14:53  Battlecruiser x2  
  177  15:02  Command Center  
  177  15:04  Refinery  
  177  15:05  Refinery  
  177  15:06  Behemoth Reactor  
  177  15:07  Missile Turret  
  177  15:08  Missile Turret  
  177  15:12  Missile Turret  
  177  15:15  SCV x3  
  180  15:29  Missile Turret  
  180  15:44  Supply Depot x2  
  180  15:46  Supply Depot  
  180  15:47  Supply Depot  
  180  15:49  Supply Depot  
  180  16:05  Marine x5, SCV x2  
  180  16:06  Battlecruiser  
  180  16:08  Battlecruiser  
  199  16:34  Orbital Command  
  199  17:10  Marine  
  200  17:32  Command Center  
  200  17:34  Command Center  
  200  17:35  Command Center  
  200  17:45  Command Center  
Tags
 
Composition
MMM Bio
League
GoldGold
Matchup
TvT
Race
Terran
Add a new tag
Caveats
  • Supply blocks, unpowered buildings, or Contaminate may cause inaccurate times.
  • Supply counts are checked every 10 seconds.